 Dungeon Crawl Stone Soup version 0.30.0-18-gc0e69614cb (webtiles) character file.

Game seed: 12840311734731140460

56 sampeng1 the Chopper (level 3, 0/33 HPs)
             Began as a Minotaur Berserker on May 26, 2023.
             Was a Believer of Trog.
             Succumbed to an adder's poison
             ... on level 2 of the Dungeon.
             The game lasted 00:03:17 (1156 turns).

sampeng1 the Chopper (Minotaur Berserker)           Turns: 1156, Time: 00:03:18

Health: 0/33       AC:  2    Str: 21 (23) XL:     3   Next: 71%
Magic:  2/2        EV: 12    Int:  3 (4)  God:    Trog [**....]
Gold:   37         SH:  0    Dex:  6 (9)  Spells: 2/2 levels left

rFire   . . .        a - +0 hand axe
rCold   . . .        (no shield)
rNeg    . . .        b - +0 animal skin
rPois   .            (helmet restricted)
rElec   .            (no cloak)
rCorr   .            (no gloves)
SInv    .            (no boots)
Will    .....        (no amulet)
Stlth   +            (no ring)
HPRegen 0.25/turn    (no ring)
MPRegen 0.08/turn

%: no passive effects
@: lethally poisoned (0 -> -1)
A: horns 2, retaliatory headbutt
a: Renounce Religion, Berserk, Trog's Hand


You were on level 2 of the Dungeon.
You worshipped Trog.
Trog was pleased with you.
You visited 1 branch of the dungeon, and saw 2 of its levels.

You collected 85 gold pieces.
You spent 48 gold pieces at shops.

Inventory:

Hand Weapons
 a - a +0 hand axe (weapon)
Armour
 b - a +0 animal skin (worn)
Scrolls
 c - 2 scrolls of identify


   Skills:
 + Level 4.2 Fighting
 + Level 4.2 Axes
 + Level 3.3 Armour
 + Level 2.9 Dodging


You had 2 spell levels left.
You didn't know any spells.
Your spell library was empty.

Dungeon Overview and Level Annotations

Branches:
Dungeon (2/15)

Altars:

Shops:
D:1 ?


Innate Abilities, Weirdness & Mutations

You have a pair of horns on your head.
You reflexively headbutt those who attack you in melee.


Message History

You feel sick. The adder bites you.
* * * LOW HITPOINT WARNING * * *
You are lethally poisoned!
The adder poisons you!
You closely miss the adder.
The adder is almost dead.
* * * LOW HITPOINT WARNING * * *
You feel very sick. The adder barely misses you. The adder misses you.
You furiously retaliate!
You headbutt the adder.
You kill the adder!
Trog accepts your kill.
* * * LOW HITPOINT WARNING * * *
You feel sick.
You see here an adder corpse.
There is a lethal amount of poison in your body!
There is a lethal amount of poison in your body!
It was a potion of degeneration.
There was something very wrong with that liquid.
You feel weakened.
You feel dopey.
You feel clumsy.
* * * LOW HITPOINT WARNING * * *
You feel sick.
As you read the scroll labelled UPLARE NOIF, it crumbles to dust.
You feel strangely unstable.
It was a scroll of teleportation.
* * * LOW HITPOINT WARNING * * *
You feel sick.
There is a lethal amount of poison in your body!
There is a lethal amount of poison in your body!
There is a lethal amount of poison in your body!
* * * LOW HITPOINT WARNING * * *
You feel sick.
Your surroundings suddenly seem different.
A rat comes into view.
Found eight items.
* * * LOW HITPOINT WARNING * * *
You feel sick.
* * * LOW HITPOINT WARNING * * *
You feel sick.
Found a scroll labelled PAOZXAKHIMN.
You die...

# #. #.
#.##### #..
..# .
##.##.###...?
#....@.......
#..........)..
#.............
#..#####r.....
#..#()(#..#...
#..#$$:#..# ..
#..#"$?#..# +
#..#####.[#


You could see a rat.

Vanquished Creatures
  2 adders (D:2)
  2 dart slugs
  6 ball pythons
  2 bats (D:1)
  2 endoplasms (D:1)
  3 giant cockroaches
  2 goblins (D:1)
  5 hobgoblins
  2 quokkas
  2 kobolds (D:2)
  2 rats (D:1)
30 creatures vanquished.

Notes
Turn   | Place    | Note
-------+----------+-------------------------------------------
     0 | D:1      | sampeng1 the Minotaur Berserker began the quest for the
                  | Orb.
     0 | D:1      | Reached XP level 1. HP: 19/19 MP: 0/0
    77 | D:1      | Reached XP level 2. HP: 27/27 MP: 1/1
   493 | D:1      | Found Zirebb's Magic Scroll Boutique.
   629 | D:1      | Reached ** piety under Trog
   841 | D:1      | Bought a scroll of identify for 24 gold pieces
   841 | D:1      | Bought a scroll of identify for 24 gold pieces
   884 | D:2      | Reached XP level 3. HP: 33/33 MP: 2/2
  1154 | D:2      | HP: 1/33 [poisoned by an adder]
  1156 | D:2      | Succumbed to an adder's poison

Illustrated notes

Levels and vault maps discovered:
D:1:      minmay_arrival_radiant_lines, layout_basic, serial_shops,
          shop_fountains
D:2:      layout_loops_corners, due_unseen_surprise

Skill      XL: |  1  2 |
---------------+-------+-----
Axes           | 4 |  4.2
Fighting       | 4 |  4.2
Armour         | 3 |  3.3
Dodging        | |  2.9

Action                     || total
---------------------------++-------
  Melee: Hand axe          ||    61
         Headbutt          ||     5
    Use: Scroll            ||     3
         Potion            ||     1
 Armour: Animal skin       ||     9
  Dodge: Dodged            ||    44
